 Dungeon Crawl Stone Soup version 0.23.2-40-g277498a001 (webtiles) character file.

Game seed: 9965927359319121499

37 Descartes the Insei (level 3, 0/17 HPs)
             Began as a Vine Stalker Transmuter on Oct 13, 2019.
             Slain by an adder (2 damage)
             ... on level 2 of the Dungeon.
             The game lasted 00:01:35 (1359 turns).

Descartes the Insei (Vine Stalker Transmuter)       Turns: 1359, Time: 00:01:35

Health: 0/17       AC:  2    Str: 13    XL:     3   Next: 41%
Magic:  0/7        EV: 12    Int: 13    God:
Gold:   61         SH:  0    Dex: 14    Spells: 5/6 levels left

rFire    . . .     SeeInvis .     - Unarmed
rCold    . . .     Gourm    .   (no shield)
rNeg     . . .     Faith    .   b - +0 robe
rPois    .         Spirit   +   (no helmet)
rElec    .         Reflect  .   (no cloak)
rCorr    .         Harm     .   (no gloves)
MR       .....                  (no boots)
Stlth    +.........             (no amulet)
HPRegen  0.05/turn              (no ring)
MPRegen  0.10/turn              (no ring)

@: lethally poisoned (0 -> -15)
A: fangs 2, magic shield, antimagic bite, no potion heal 3, rot immunity
a: no special abilities


You were on level 2 of the Dungeon.
You were very hungry.

You visited 1 branch of the dungeon, and saw 2 of its levels.

You collected 61 gold pieces.

Inventory:

Missiles
 a - 27 arrows
 g - 31 stones (quivered)
 l - 39 sling bullets
Armour
 b - a +0 robe (worn)
Jewellery
 h - a +5 ring of strength {unknown}
Scrolls
 c - a scroll of blinking {unknown}
 e - 3 scrolls of remove curse {unknown}
 j - 2 scrolls of enchant armour {unknown}
Potions
 f - a potion of curing {unknown}
 i - a potion of resistance {unknown}
 k - 2 potions of haste {unknown}
Comestibles
 d - 2 rations


   Skills:
 - Level 0.8 Fighting
 - Level 1.5 Dodging
 + Level 4.4 Unarmed Combat
 - Level 2.1 Spellcasting
 - Level 2.0 Transmutations


You had 5 spell levels left.
You knew the following spells:

 Your Spells              Type           Power        Failure   Level  Hunger
a - Beastly Appendage     Tmut           #.....       11%         1    ##.....

Your spell library contained the following spells:

 Spells                   Type           Power        Failure   Level  Hunger
 Sticks to Snakes         Tmut           #.......     17%         2    ###....
 Spider Form              Tmut/Pois      #.........   45%         3    ####...
 Ice Form                 Ice/Tmut       #.......     86%         4    #####..
 Blade Hands              Tmut           #.........   97%         5    ######.


Dungeon Overview and Level Annotations

Branches:
Dungeon (2/15)

Altars:
Hepliaklqana
Vehumet
Xom
Yredelemnul


Innate Abilities, Weirdness & Mutations

You have extremely sharp teeth.
When hurt, damage is shared between your health and your magic reserves.
Your bite disrupts and absorbs the magic of your enemies.
Potions cannot restore your health.
You are immune to rotting.


Message History

The adder bites you.
You hit the adder but do no damage. Your bite misses the adder.
The adder is moderately wounded.
The adder bites you.
You are lethally poisoned!
The adder poisons you!
You miss the adder.
The adder is moderately wounded.
You feel sick. The adder bites you.
* * * LOW HITPOINT WARNING * * *
You are more poisoned.
The adder poisons you! The adder closely misses you.
* * * LOW HITPOINT WARNING * * *
You feel sick. The adder bites you.
* * * LOW HITPOINT WARNING * * *
You closely miss the adder. Your bite misses the adder.
The adder is moderately wounded.
* * * LOW HITPOINT WARNING * * *
You feel sick. The adder bites you.
You die...

##...########.##
#..### #.#..#
#.## #.##.# #.#
#..#.# #.#
#P.#.## #.#
+.P#..# #.#
#.P##.###### #.#
#...#......# #.#
#S@8##.###.# #.#
#....[.# #.#
#......# #.#
#...##.# #.#
#%P.##.# #.#
#.P##... #.#
....# .#.# #..
#.# ..#..# . .#
#.. #.##
#...#..# .# #..


You could see an adder.

Vanquished Creatures
  An adder (D:2)
  A worm (D:2)
  2 dart slugs (D:1)
  A leopard gecko (D:1)
  3 giant cockroaches
  2 goblins (D:1)
  A hobgoblin (D:1)
  2 bats (D:1)
  3 frilled lizards
  3 kobolds (D:1)
  4 rats
23 creatures vanquished.

Notes
Turn   | Place    | Note
-------+----------+-------------------------------------------
     0 | D:1      | Descartes the Vine Stalker Transmuter began the quest for
                  | the Orb.
     0 | D:1      | Reached XP level 1. HP: 9/9 MP: 4/4
   271 | D:1      | Reached XP level 2. HP: 12/14 MP: 6/6
   563 | D:1      | Reached skill level 4 in Unarmed Combat
   991 | D:2      | Found a shimmering altar of Xom.
   991 | D:2      | Found a basalt altar of Yredelemnul.
   991 | D:2      | Found a hazy altar of Hepliaklqana.
   991 | D:2      | Found a radiant altar of Vehumet.
  1001 | D:2      | Reached XP level 3. HP: 10/17 MP: 5/7
  1359 | D:2      | Slain by an adder

Skill      XL: |  1  2 |
---------------+-------+-----
Unarmed Combat | 4 |  4.4
Fighting       | |  0.8
Dodging        | |  1.5
Spellcasting   | |  2.1
Transmutations | |  2.0

Action                   || total
-------------------------++-------
Melee: Unarmed           ||    76
       Bite              ||    13
       Punch             ||     1
 Stab: Sleeping          ||     1
Armor: Robe              ||    12
Dodge: Dodged            ||    36
